BSA
IRVINE GANG GREEN @ SO CAL HENVY
09/29/2026
 
TOP OF THE 1ST
Irvine Gang Green batting - Pitching for So Cal Henvy : RHP Jeffrey King
Pitching: RHP Jeffrey King
Batting: LHB Leonardo Medina 0-0: Called Strike
0-1: Ball
1-1: Called Strike
1-2: Strikes out swinging
Batting: RHB José Salazar 0-0: Ball
1-0: Called Strike
1-1: Ball
2-1: Foul Ball, location: 2F
2-2: Foul Ball, location: 2F
2-2: Ground out 6-3 (Groundball, 6)
Batting: LHB Jesús Campos 0-0: Called Strike
0-1: Ball
1-1: Called Strike
1-2: Strikes out swinging
Top of the 1st over - 0 run(s), 0 hit(s), 0 error(s), 0 left on base; Irvine 0 - So Cal 0
BOTTOM OF THE 1ST
So Cal Henvy batting - Pitching for Irvine Gang Green : RHP Jung Chwa
Pitching: RHP Jung Chwa
Batting: SHB Miguel González 0-0: Called Strike
0-1: Ball
1-1: Ball
2-1: Foul Ball, location: 2F
2-2: Ball
3-2: TRIPLE (Flyball, 89XD)
Batting: SHB Ray Burgess 0-0: Called Strike
0-1: Ball
1-1: Ground out 4-3 (Groundball, 4)
Miguel González scores
Batting: RHB Earl Wiggins 0-0: SOLO HOME RUN (Flyball, 7LD), Distance : 351 ft
Batting: LHB César Valentín 0-0: Ball
1-0: Fly out, F7 (Flyball, 7LD)
Batting: RHB Rubén Calderón 0-0: Ball
1-0: Foul Ball, location: 2F
1-1: Called Strike
1-2: Ball
2-2: Ball
3-2: Base on Balls
Batting: LHB José Antonio Santiago 0-0: Called Strike
0-1: Ball
1-1: Ball
2-1: Foul Ball, location: 2F
2-2: Foul Ball, location: 2F
2-2: Ball
3-2: Foul Ball, location: 2F
3-2: Fly out, F8 (Flyball, 8RXD)
Bottom of the 1st over - 2 run(s), 2 hit(s), 0 error(s), 1 left on base; Irvine 0 - So Cal 2
TOP OF THE 2ND
Irvine Gang Green batting - Pitching for So Cal Henvy : RHP Jeffrey King
Batting: LHB Víctor Quiñones 0-0: Foul Ball, location: 2F
0-1: Called Strike
0-2: Foul Ball, location: 2F
0-2: Ball
1-2: Ball
2-2: Foul Ball, location: 2F
2-2: Fly out, F9 (Flyball, 9D)
Batting: RHB Buck Jones 0-0: Foul Ball, location: 2F
0-1: Ball
1-1: Ground out 5-3 (Groundball, 56)
Batting: RHB Manny Copriviza 0-0: Ball
1-0: Ground out 5-3 (Groundball, 56)
Top of the 2nd over - 0 run(s), 0 hit(s), 0 error(s), 0 left on base; Irvine 0 - So Cal 2
BOTTOM OF THE 2ND
So Cal Henvy batting - Pitching for Irvine Gang Green : RHP Jung Chwa
Batting: RHB Morgan Gibbon 0-0: SINGLE (Groundball, 34D)
Batting: SHB Derek Roach 0-0: SINGLE (Line Drive, 9S)
Morgan Gibbon to second
Batting: RHB Gregg Nelson 0-0: Called Strike
0-1: Fly out, F9 (Flyball, 9LM)
Batting: SHB Miguel González 0-0: Ball
1-0: Ball
2-0: Ground out 4-3 (Groundball, 4S)
Morgan Gibbon to third
Derek Roach to second
Batting: SHB Ray Burgess 0-0: DOUBLE (Line Drive, 9LS)
Morgan Gibbon scores
Derek Roach scores
Batting: RHB Earl Wiggins 0-0: Ball
1-0: Swinging Strike
1-1: Called Strike
1-2: Ball
2-2: Foul Ball, location: 2F
2-2: Foul Ball, location: 2F
2-2: Strikes out swinging
Bottom of the 2nd over - 2 run(s), 3 hit(s), 0 error(s), 1 left on base; Irvine 0 - So Cal 4
TOP OF THE 3RD
Irvine Gang Green batting - Pitching for So Cal Henvy : RHP Jeffrey King
Batting: LHB Bill Murphy 0-0: Ball
1-0: Ball
2-0: Ball
3-0: Base on Balls
Batting: RHB Santo Cruz 0-0: Fly out, F6 (Popup, 6M)
Batting: RHB Raúl Salas 0-0: Fly out, F7 (Flyball, 78D)
Batting: LHB Leonardo Medina 0-0: Ball
1-0: Ball
2-0: Ground out 4-3 (Groundball, 34)
Top of the 3rd over - 0 run(s), 0 hit(s), 0 error(s), 1 left on base; Irvine 0 - So Cal 4
BOTTOM OF THE 3RD
So Cal Henvy batting - Pitching for Irvine Gang Green : RHP Jung Chwa
Batting: LHB César Valentín 0-0: Fly out, F6 (Popup, 6S)
Batting: RHB Rubén Calderón 0-0: Ground out 6-3 (Groundball, 6M)
Batting: LHB José Antonio Santiago 0-0: Swinging Strike
0-1: Ball
1-1: Called Strike
1-2: Strikes out swinging
Bottom of the 3rd over - 0 run(s), 0 hit(s), 0 error(s), 0 left on base; Irvine 0 - So Cal 4
TOP OF THE 4TH
Irvine Gang Green batting - Pitching for So Cal Henvy : RHP Jeffrey King
Batting: RHB José Salazar 0-0: Ball
1-0: Ball
2-0: SINGLE (Line Drive, 6D)
Batting: LHB Jesús Campos 0-0: Ball
1-0: Ball
2-0: DOUBLE (Flyball, 9LS)
José Salazar to third
Batting: LHB Víctor Quiñones 0-0: Ball
1-0: SINGLE (Groundball, 4M)
José Salazar scores
Jesús Campos to third
Runner from 3rd tries for Home, throw and OUT!
Batting: RHB Buck Jones 0-0: Ball
1-0: Ball
2-0: Ball
3-0: Called Strike
3-1: Base on Balls
Víctor Quiñones to second
Batting: RHB Manny Copriviza 0-0: Ball
1-0: Grounds into double play, 6-4-3 (Groundball, 6M)
Top of the 4th over - 1 run(s), 3 hit(s), 0 error(s), 1 left on base; Irvine 1 - So Cal 4
BOTTOM OF THE 4TH
So Cal Henvy batting - Pitching for Irvine Gang Green : RHP Jung Chwa
Batting: RHB Morgan Gibbon 0-0: Foul Ball, location: 2F
0-1: Foul Ball, location: 2F
0-2: Ball
1-2: Foul Ball, location: 2F
1-2: Ball
2-2: Ground out 6-3 (Groundball, 6M)
Batting: SHB Derek Roach 0-0: Swinging Strike
0-1: Ball
1-1: Fly out, F8 (Line Drive, 8LM)
Batting: RHB Gregg Nelson 0-0: Called Strike
0-1: Ball
1-1: Called Strike
1-2: Foul Ball, location: 2F
1-2: Foul Ball, location: 2F
1-2: Ground out 3-1 (Groundball, 34S)
Bottom of the 4th over - 0 run(s), 0 hit(s), 0 error(s), 0 left on base; Irvine 1 - So Cal 4
TOP OF THE 5TH
Irvine Gang Green batting - Pitching for So Cal Henvy : RHP Jeffrey King
Batting: LHB Bill Murphy 0-0: Ball
1-0: Ball
2-0: Reached on error, E3 (Groundball, 34)
Batting: RHB Santo Cruz 0-0: Swinging Strike
0-1: Swinging Strike
0-2: Ball
1-2: Ball
2-2: Strikes out swinging
Batting: RHB Raúl Salas 0-0: Called Strike
0-1: SINGLE (Line Drive, 56D)
Bill Murphy to third
Batting: LHB Leonardo Medina 0-0: Ball
1-0: Ball
2-0: Foul Ball, location: 2F
2-1: SINGLE (Line Drive, 34D)
Bill Murphy scores
Raúl Salas to second
Batting: RHB José Salazar 0-0: Called Strike
0-1: Ball
1-1: Called Strike
1-2: Strikes out looking
Batting: LHB Jesús Campos 0-0: Ball
1-0: Called Strike
1-1: Foul Ball, location: 2F
1-2: Fly out, F7 (Line Drive, 7M)
Top of the 5th over - 1 run(s), 2 hit(s), 1 error(s), 2 left on base; Irvine 2 - So Cal 4
BOTTOM OF THE 5TH
So Cal Henvy batting - Pitching for Irvine Gang Green : RHP Jung Chwa
Batting: SHB Miguel González 0-0: Foul Ball, location: 2F
0-1: Ball
1-1: Swinging Strike
1-2: Ball
2-2: Strikes out swinging
Batting: SHB Ray Burgess 0-0: Ball
1-0: Called Strike
1-1: Fly out, F9 (Line Drive, 9S)
Batting: RHB Earl Wiggins 0-0: Ball
1-0: SINGLE (Flyball, 78S)
Batting: LHB César Valentín 0-0: Called Strike
0-1: Foul Ball, location: 2F
0-2: Ball
1-2: TRIPLE (Flyball, 8RXD)
Earl Wiggins scores
Pitching: RHP Raúl Saltines
Batting: RHB Rubén Calderón 0-0: Called Strike
0-1: Fly out, F8 (Flyball, 8RD)
Bottom of the 5th over - 1 run(s), 2 hit(s), 0 error(s), 1 left on base; Irvine 2 - So Cal 5
TOP OF THE 6TH
Irvine Gang Green batting - Pitching for So Cal Henvy : RHP Jeffrey King
Batting: LHB Víctor Quiñones 0-0: Ball
1-0: Foul Ball, location: 2F
1-1: Ball
2-1: Foul Ball, location: 2F
2-2: Ball
3-2: Base on Balls
Batting: RHB Buck Jones 0-0: Called Strike
0-1: Ball
1-1: Called Strike
1-2: Ball
2-2: Ball
3-2: Ground out 4-3 (Groundball, 4M)
Víctor Quiñones to second
Batting: RHB Manny Copriviza 0-0: Ball
1-0: Swinging Strike
1-1: Ball
2-1: Ball
3-1: Base on Balls
Batting: LHB Bill Murphy 0-0: Ground out 3-1 (Groundball, 34S)
Víctor Quiñones to third
Manny Copriviza to second
Batting: RHB Santo Cruz 0-0: Ball
1-0: Called Strike
1-1: Called Strike
1-2: Foul Ball, location: 2F
1-2: Foul Ball, location: 2F
1-2: Strikes out swinging
Top of the 6th over - 0 run(s), 0 hit(s), 0 error(s), 2 left on base; Irvine 2 - So Cal 5
BOTTOM OF THE 6TH
So Cal Henvy batting - Pitching for Irvine Gang Green : RHP Raúl Saltines
Batting: LHB José Antonio Santiago 0-0: Called Strike
0-1: Ground out U3 (Groundball, 3)
Batting: RHB Morgan Gibbon 0-0: Foul Ball, location: 2F
0-1: Ground out 5-3 (Groundball, 56S)
Batting: SHB Derek Roach 0-0: Ground out 6-3 (Groundball, 6M)
Bottom of the 6th over - 0 run(s), 0 hit(s), 0 error(s), 0 left on base; Irvine 2 - So Cal 5
TOP OF THE 7TH
Irvine Gang Green batting - Pitching for So Cal Henvy : RHP Jeffrey King
Pitching: RHP Jim Nelson
Batting: RHB Raúl Salas 0-0: Swinging Strike
0-1: Swinging Strike
0-2: Foul Ball, location: 2F
0-2: Ball
1-2: Ball
2-2: Strikes out looking
Batting: LHB Leonardo Medina 0-0: SINGLE (Groundball, 56)
Batting: RHB José Salazar 0-0: SINGLE (Flyball, 9S)
Leonardo Medina to second
Runner from 2nd tries for 3rd, SAFE, no throw or cutoff
Pitching: LHP Raúl Sandoval
Batting: LHB Jesús Campos 0-0: Ball
1-0: Called Strike
1-1: Foul Ball, location: 2F
1-2: 3-RUN HOME RUN (Flyball, 9LD), Distance : 342 ft
Pitching: LHP Stanley Inman
Batting: LHB Víctor Quiñones 0-0: Foul Ball, location: 2F
0-1: Ground out 1-3 (Groundball, 15)
Pitching: RHP Yin-zhen Zong
Batting: RHB Buck Jones 0-0: Ball
1-0: Called Strike
1-1: Fly out, F8 (Flyball, 8RM)
Top of the 7th over - 3 run(s), 3 hit(s), 0 error(s), 0 left on base; Irvine 5 - So Cal 5
BOTTOM OF THE 7TH
So Cal Henvy batting - Pitching for Irvine Gang Green : RHP Raúl Saltines
Pinch Hitting: RHB Greg Handrahan 0-0: Foul Ball, location: 2F
0-1: SINGLE (Line Drive, 89S)
Batting: SHB Miguel González 0-0: SINGLE (Groundball, 56D)
Greg Handrahan to second
Batting: SHB Ray Burgess 0-0: Called Strike
0-1: Foul Ball, location: 2F
0-2: Foul Ball, location: 2F
0-2: DOUBLE (Flyball, 9LD)
Greg Handrahan scores
Miguel González to third
Batting: RHB Earl Wiggins Balk!
Miguel González scores
Ray Burgess to third
0-0: Called Strike
0-1: Ball
1-1: Foul Ball, location: 2F
1-2: Ball
Passed Ball!
Ray Burgess scores
2-2: Foul Ball, location: 2F
2-2: Foul Ball, location: 2F
2-2: Ball
3-2: Base on Balls
Pitching: LHP Yu-shu Kong
Batting: LHB César Valentín 0-0: Ball
1-0: Ball
2-0: SINGLE (Flyball, 8RS)
Earl Wiggins to second
Batting: RHB Rubén Calderón 0-0: Ball
1-0: 3-RUN HOME RUN (Line Drive, 78XD), Distance : 398 ft
Batting: LHB José Antonio Santiago 0-0: Foul Ball, location: 2F
0-1: Ball
1-1: SINGLE (Groundball, 34D)
Batting: RHB Morgan Gibbon 0-0: Bunt missed!
0-1: Sac Bunt - play at first, batter OUT! 5-4
José Antonio Santiago to second
Batting: SHB Derek Roach 0-0: Called Strike
0-1: Called Strike
José Antonio Santiago steals 3rd base
0-2: Ball
1-2: Ball
2-2: Ball
3-2: Strikes out swinging
Batting: RHB Greg Handrahan 0-0: Called Strike
0-1: Swinging Strike
0-2: Ball
1-2: Ball
2-2: Strikes out swinging
Bottom of the 7th over - 6 run(s), 6 hit(s), 0 error(s), 1 left on base; Irvine 5 - So Cal 11
TOP OF THE 8TH
Irvine Gang Green batting - Pitching for So Cal Henvy : RHP Yin-zhen Zong
Pitching: RHP Jesse Little
Now at SS: Susumu Sugiyama
Batting: RHB Manny Copriviza 0-0: Foul Ball, location: 2F
0-1: Ball
1-1: DOUBLE (Line Drive, 7LM)
Batting: LHB Bill Murphy 0-0: DOUBLE (Flyball, 89D)
Manny Copriviza scores
Batting: RHB Santo Cruz 0-0: Called Strike
0-1: Called Strike
0-2: Ball
1-2: SINGLE (Groundball, 6MD)
Bill Murphy to third
Batting: RHB Raúl Salas 0-0: Ball
1-0: Swinging Strike
1-1: Ball
2-1: Ball
3-1: Swinging Strike
3-2: Strikes out swinging
Santo Cruz is caught stealing 2nd base
Batter strikes out.
Batting: LHB Leonardo Medina 0-0: Called Strike
0-1: Swinging Strike
0-2: Ball
1-2: Ball
2-2: Foul Ball, location: 2F
2-2: Foul Ball, location: 2F
2-2: Foul Ball, location: 2F
2-2: Foul Ball, location: 2F
2-2: Foul Ball, location: 2F
2-2: Strikes out swinging
Top of the 8th over - 1 run(s), 3 hit(s), 0 error(s), 1 left on base; Irvine 6 - So Cal 11
BOTTOM OF THE 8TH
So Cal Henvy batting - Pitching for Irvine Gang Green : LHP Yu-shu Kong
Batting: SHB Miguel González 0-0: Ball
1-0: Called Strike
1-1: Foul Ball, location: 2F
1-2: DOUBLE (Flyball, 8LXD)
Batting: SHB Ray Burgess 0-0: Ball
1-0: Ball
Wild Pitch!
Miguel González to third
2-0: Ground out 6-3 (Groundball, 6M)
Miguel González scores
Pitching: RHP Joe Wilson
Batting: RHB Earl Wiggins 0-0: Foul Ball, location: 2F
0-1: Ground out 4-3 (Groundball, 4M)
Batting: LHB César Valentín 0-0: Ball
1-0: Ball
2-0: Called Strike
2-1: Ground out 6-3 (Groundball, 6)
Bottom of the 8th over - 1 run(s), 1 hit(s), 0 error(s), 0 left on base; Irvine 6 - So Cal 12
TOP OF THE 9TH
Irvine Gang Green batting - Pitching for So Cal Henvy : RHP Jesse Little
Batting: RHB José Salazar 0-0: Called Strike
0-1: Ball
1-1: Foul Ball, location: 2F
1-2: DOUBLE (Flyball, 8LM)
Batting: LHB Jesús Campos 0-0: Called Strike
0-1: Swinging Strike
0-2: Strikes out swinging
Batting: LHB Víctor Quiñones 0-0: Ball
1-0: Ball
2-0: Called Strike
2-1: Ball
3-1: Base on Balls
Batting: RHB Buck Jones 0-0: Ball
1-0: Fly out, F5 (Popup, 56S)
Batting: RHB Manny Copriviza 0-0: Ball
1-0: Ball
2-0: SINGLE (Groundball, 56)
José Salazar to third
Víctor Quiñones to second
Runner from 3rd tries for Home, SAFE, no throw or cutoff
Batting: LHB Bill Murphy 0-0: Ground out 5-3 (Groundball, 56S)
Top of the 9th over - 1 run(s), 2 hit(s), 0 error(s), 2 left on base; Irvine 7 - So Cal 12
Monday, December 5th, 2016 - OOTP Baseball 17.12 Build 75